 Dungeon Crawl Stone Soup version 0.24-a0-537-g2d01d4ab0a (webtiles) character file.

Game seed: 4210138645181897244

235 Aggronaut the Changer (level 5, -1/40 HPs)
             Began as a Draconian Transmuter on Aug 13, 2019.
             Killed by nerve-wracking pain
             ... invoked by Grinder
              (14 damage)
             ... on level 3 of the Dungeon.
             The game lasted 00:11:49 (3934 turns).

Aggronaut the Changer (Draconian Transmuter)        Turns: 3934, Time: 00:11:49

Health: -1/40      AC:  7    Str: 10 (12) XL:     5   Next: 76%
Magic:  7/8        EV: 12    Int: 11 (14) God:
Gold:   142        SH:  0    Dex: 10 (12) Spells: 1/8 levels left

rFire    . . .     SeeInvis .     - Unarmed
rCold    . . .     Gourm    .   (no shield)
rNeg     . . .     Faith    .   (armour unavailable)
rPois    +         Spirit   .   (helmet restricted)
rElec    .         Reflect  .   d - +1 cloak
rCorr    .         Harm     .   (no gloves)
MR       .....                  (no boots)
Stlth    +.........             (no amulet)
HPRegen  0.13/turn              m - ring of poison resistance
MPRegen  0.11/turn              (no ring)

@: appendage, very slightly contaminated, hasted, invisible, very quick
A: unfitting armour, horns 2, cold-blooded, AC +5
a: End Transformation


You were on level 3 of the Dungeon.
You were very hungry.
You had grown temporary horns.
You visited 1 branch of the dungeon, and saw 3 of its levels.

You collected 142 gold pieces.

Inventory:

Missiles
 a - 50 arrows
Armour
 d - a +1 cloak (worn)
Jewellery
 m - a ring of poison resistance (left hand)
Scrolls
 b - a scroll of fear
 e - a scroll of enchant weapon
 f - a scroll of amnesia {unknown}
 j - 2 scrolls of teleportation
 k - a scroll of magic mapping {unknown}
 n - 2 scrolls of remove curse
Potions
 g - a potion of haste
Comestibles
 c - 3 rations


   Skills:
 - Level 1.1 Fighting
 - Level 1.7 Dodging
 + Level 4.4 Unarmed Combat
 - Level 2.0 Spellcasting
 * Level 5.1 Transmutations


You had one spell level left.
You knew the following spells:

 Your Spells              Type           Power        Failure   Level  Hunger
a - Beastly Appendage     Tmut           ##....       3%          1    ##.....
b - Spider Form           Tmut/Pois      #.........   30%         3    ####...
c - Confuse               Hex            #.......     65%         3    ####...

Your spell library contained the following spells:

 Spells                   Type           Power        Failure   Level  Hunger
 Confusing Touch          Hex            #.....       28%         1    ##.....
 Sticks to Snakes         Tmut           ##......     5%          2    ###....
 Gell's Gravitas          Tloc           #.........   65%         3    ####...
 Blade Hands              Tmut           ##........   67%         5    ######.
 Ice Form                 Ice/Tmut       #.......     69%         4    #####..
 Petrify                  Tmut/Erth      #.......     69%         4    #####..
 Yara's Violent Unravell  Hex/Tmut       #.........   95%         5    ######.
 Metabolic Englaciation   Hex/Ice        #.........   100%        5    ######.


Dungeon Overview and Level Annotations

Branches:
Dungeon (3/15)

Altars:
Hepliaklqana

Annotations:
D:3 Grinder, Ijyb


Innate Abilities, Weirdness & Mutations

Your plain brown scales are hard. (AC +5)
You cannot fit into any form of body armour.
You are cold-blooded and may be slowed by cold attacks.
You have a pair of horns on your head.


Message History

Ijyb closely misses you.
You hit Ijyb.
Ijyb is heavily wounded.
Grinder says, "Mostly I couldn't keep them alive."
You closely miss Ijyb.
Ijyb is heavily wounded.
Ijyb barely misses you.
You hit Ijyb. You headbutt Ijyb, but do no damage.
You tail-slap Ijyb, but do no damage.
Ijyb is heavily wounded.
Ijyb closely misses you.
There is an open door here.
Grinder says, "Just stop there for a second..."
You closely miss Grinder.
Grinder is severely wounded.
Grinder blinks!
Ijyb hits you. Grinder gestures at you. Pain shoots through your body!
You die...

####.......###...........##...#
..##.......'.'...........##.#.#
#.##.......###...........##.#.#
#.##.......###...........##.#.#
#.##.......##.....#########.#.#
#.####'######.....# #......#
............#.5...######.##.###
######.####.#...g........##.#
#### #......####@#.########.#
...# #####..# #.#.##.......#
##.# #..# #.#.##.#####.# ...#
#..# #.#.##.######## #### #..#
#.#.##.#......# #..#
#.#.......5.# #### #..#
#.####.#.#.## ...### #..#
#.#....#.#.# # ##...### #..#
#.####.#.#.##.#


You could see Grinder and Ijyb.

Vanquished Creatures
  An orc priest (D:3)
  An orc wizard (D:3)
  Robin (D:3)
  7 adders
  A shadow imp (D:3)
  An ooze (D:1)
  A worm (D:2)
  4 dart slugs
  4 leopard geckos
  3 orcs (D:3)
  5 bats
  2 giant cockroaches
  13 goblins
  10 hobgoblins
  2 quokkas
  3 ball pythons (D:3)
  6 frilled lizards
  14 kobolds
  10 rats
89 creatures vanquished.

Notes
Turn   | Place    | Note
-------+----------+-------------------------------------------
     0 | D:1      | Aggronaut the Draconian Transmuter began the quest for the
                  | Orb.
     0 | D:1      | Reached XP level 1. HP: 16/16 MP: 3/3
   235 | D:1      | Reached XP level 2. HP: 11/23 MP: 5/5
   594 | D:1      | Reached skill level 3 in Transmutations
  1045 | D:1      | Reached XP level 3. HP: 12/28 MP: 4/6
  2081 | D:2      | Reached XP level 4. HP: 20/35 MP: 5/7
  2091 | D:2      | Reached skill level 4 in Transmutations
  2279 | D:2      | Learned a level 3 spell: Spider Form
  2283 | D:2      | Learned a level 3 spell: Confuse
  2781 | D:3      | Found a hazy altar of Hepliaklqana.
  2819 | D:3      | Reached XP level 5. HP: 39/40 MP: 6/8
  2846 | D:3      | Noticed Ijyb
  2856 | D:3      | Paralysed by Ijyb for 4 turns
  2974 | D:3      | Noticed Robin
  3025 | D:3      | Killed Robin
  3386 | D:3      | Reached skill level 5 in Transmutations
  3795 | D:3      | Noticed Grinder
  3883 | D:3      | Paralysed by Grinder for 2 turns
  3897 | D:3      | Paralysed by Grinder for 6 turns
  3934 | D:3      | Killed from afar by Grinder

Levels and vault maps discovered:
D:1:      minmay_arrival_plants_in_alcoves, layout_loops_corners,
          minmay_tiny_reverse_x
D:2:      layout_basic, minmay_indecisive_spiral
D:3:      minmay_skewed_foursquare, layout_basic, old_standard_altar,
          kennysheep_path_1, uniq_robin, uniq_ijyb, uniq_grinder

Skill      XL: |  1  2  3  4  5 |
---------------+----------------+-----
Transmutations | 3 4 5 |  5.1
Unarmed Combat | 4 |  4.4
Fighting       | |  1.1
Dodging        | |  1.7
Spellcasting   | |  2.0

Action                   |  1- 3 |  4- 6 || total
-------------------------+-------+-------++-------
Melee: Unarmed           |   158 |   196 ||   354
       Tailslap          |    14 |    18 ||    32
       Punch             |     3 |     2 ||     5
       Kick              |     3 |     4 ||     7
       Headbutt          |       |     6 ||     6
 Cast: Beastly Appendage |     3 |     8 ||    11
  Use: Scroll            |       |     7 ||     7
       Potion            |       |     5 ||     5
 Stab: Sleeping          |     1 |       ||     1
  Eat: Chunk             |     4 |     5 ||     9
Armor: Skin              |    79 |    76 ||   155
Dodge: Dodged            |    88 |   107 ||   195

Table legend:
 A = Non-vault XP
 B = Vault XP
 C = Vault XP percentage of total XP
 D = Non-vault monster count
 E = Vault monster count
 F = Vault count percentage of total count
                 A         B        C        D         E       F
            +---------+---------+-------+---------+---------+-------
      Total |     242 |      95 |  28.2 |      67 |      22 |  24.7
            +---------+---------+-------+---------+---------+-------
        D:1 |      53 |       2 |   3.6 |      28 |       2 |   6.7
        D:2 |      42 |      40 |  48.8 |      18 |       4 |  18.2
        D:3 |     147 |      53 |  26.5 |      21 |      16 |  43.2
            +---------+---------+-------+---------+---------+-------
